 Dungeon Crawl Stone Soup version 0.29.1-1-gd02db69 (webtiles) character file.

Game seed: 3372233627515028172

206725 mallonox the Hoplite (level 18, -2/172 HPs)
             Began as a Minotaur Berserker on Jan 27, 2023.
             Was a High Priest of Trog.
             Hit by a javelin thrown by a merfolk javelineer (13 damage)
             ... on level 3 of the Shoals on Feb 10, 2023.
             The game lasted 02:29:07 (45602 turns).

mallonox the Hoplite (Minotaur Berserker)          Turns: 45602, Time: 02:29:20

Health: -2/172     AC: 21    Str: 40    XL:     18   Next: 7%
Magic:  17/17      EV: 13    Int:  4    God:    Trog [*****.]
Gold:   2239       SH: 22    Dex: 10    Spells: 17/17 levels left

rFire   . . .      SeeInvis .   x - +2 whip (distort)
rCold   + + .      Faith    .   T - +2 kite shield
rNeg    . . .      Spirit   .   o - +5 ring mail "Juidgh" {Will+ Stlth+}
rPois   +          Reflect  +   (helmet restricted)
rElec   .          Harm     .   f - +1 cloak {rC+}
rCorr   .          Rampage  .   a - +1 pair of gloves "Boerue" {rPois rC+ Str+4}
Will    ++++.                   w - +0 pair of boots {Stlth+}
Stlth   ++........              t - amulet of reflection
HPRegen 1.38/turn               z - +6 ring of strength
MPRegen 0.15/turn               U - +4 ring of slaying

@: strong-willed, regenerating, very slow
A: horns 2, retaliatory headbutt
}: 1/15 runes: serpentine
a: Renounce Religion, Berserk, Trog's Hand, Brothers in Arms


You were on level 3 of the Shoals.
You worshipped Trog.
Trog was extremely pleased with you.
You visited 5 branches of the dungeon, and saw 28 of its levels.
You also visited: Ice Cave and Volcano.

You collected 2486 gold pieces.
You spent 247 gold pieces at shops.

Inventory:

Hand Weapons
 g - the +7 flail of the Desert {flame, rPois Will+ Int-4}
   (Trog gifted it to you on level 5 of the Lair of Beasts)

   It burns those it strikes, dealing additional fire damage.
   Int:       It affects your intelligence (-4).
   rPois:     It protects you from poison.
   Will:      It increases your willpower.
 x - a +2 whip of distortion (weapon)
 B - a +4 vampiric trident
 G - a +5 trident of venom
 S - a +3 vorpal demon trident
Missiles
 K - 2 throwing nets (quivered)
Armour
 a - the +1 pair of gloves "Boerue" (worn) {rPois rC+ Str+4}
   (You bought it in a shop on level 7 of the Dungeon)

   Str:       It affects your strength (+4).
   rC:        It protects you from cold.
   rPois:     It protects you from poison.
 f - a +1 cloak of cold resistance (worn)
 m - a +1 tower shield of cold resistance
 o - the +5 ring mail "Juidgh" (worn) {Will+ Stlth+}
   (You found it on level 2 of the Dungeon)

   Will:      It increases your willpower.
   Stlth:     It makes you more stealthy.
 w - a +0 pair of boots of stealth (worn)
 E - a +2 plate armour of positive energy
 M - a +0 pair of gloves of infusion
 N - +0 acid dragon scales
 T - a +2 kite shield (worn)
 X - a +3 plate armour of fire resistance
Jewellery
 t - an amulet of reflection (around neck)
 v - a ring of protection from cold
 z - a +6 ring of strength (left hand)
 R - a ring of protection from fire
 U - a +4 ring of slaying (right hand)
 Z - the amulet of Itizybul {Spirit Str+2 Int+4}
   (You found it on level 4 of the Shoals)

   [amulet of guardian spirit]

   It causes incoming damage to be divided between your reserves of health and
   magic.
   Str:       It affects your strength (+2).
   Int:       It affects your intelligence (+4).
Wands
 y - a wand of polymorph (5)
 I - a wand of mindburst (2)
 Y - a wand of roots (4)
Scrolls
 b - 5 scrolls of vulnerability
 c - 6 scrolls of blinking
 d - 3 scrolls of immolation
 e - 9 scrolls of enchant armour
 h - a scroll of poison {unknown}
 i - 4 scrolls of silence
 j - 3 scrolls of acquirement
 n - 4 scrolls of brand weapon
 p - 13 scrolls of teleportation
 q - 2 scrolls of identify
 r - 5 scrolls of butterflies
 s - 6 scrolls of enchant weapon
 L - a scroll of torment {unknown}
 O - 2 scrolls of fear {unknown}
Potions
 k - 11 potions of curing
 l - 4 potions of mutation
 u - 5 potions of lignification
 A - 7 potions of might
 C - 3 potions of resistance
 D - a potion of heal wounds
 F - 3 potions of invisibility
 H - 3 potions of berserk rage {unknown}
 J - 10 potions of haste
 P - 4 potions of flight
 Q - 3 potions of attraction {unknown}
 V - 3 potions of cancellation
 W - a potion of magic {unknown}


   Skills:
 + Level 18.2 Fighting
 + Level 17.2 Maces & Flails
 + Level 7.3 Polearms
 + Level 16.5 Armour
 - Level 7.0 Dodging
 - Level 5.9 Stealth
 + Level 23.2 Shields


You had 17 spell levels left.
You didn't know any spells.
Your spell library was empty.

Dungeon Overview and Level Annotations

Branches:
Dungeon (13/15) Temple (0/1) D:4 Lair (5/5) D:11 Shoals (4/4) Lair:2 Snake (4/4) Lair:3 Slime (0/5) Lair:5 Orc (2/2) D:12 Elf (0/3) Orc:2 Vaults (0/5) D:12 D:13 IceCv (visited) Volcano (visited)

Altars:
Ashenzari
Dithmenos
Fedhas
Gozag
Nemelex Xobeh
Okawaru
Ru
Sif Muna
Zin
Jiyva

Shops:
D:7 :[   Orc:2 ??*[   Snake:1 *   Snake:2 [

Portals:
Abyss: Snake:3

Annotations:
Shoals:3 exclusion: kraken
Shoals:4 Polyphemus
Snake:1 1 exclusion
Snake:3 2 transporters, Akuuror's ghost, adept GrFi
Abyss:1 Eustachio; Roxanne; Vashnia


Innate Abilities, Weirdness & Mutations

You have a pair of horns on your head.
You reflexively headbutt those who attack you in melee.


Message History

The javelin pierces through you.
* * * LOW HITPOINT WARNING * * *
The merfolk javelineer throws a javelin.
The javelin barely misses you.
There is a stone staircase leading down here.
The merfolk javelineer throws a javelin.
The javelin pierces through you but does no damage.
Things that are here:
a +0 leather armour; a +0 trident You thrash the merfolk javelineer!!
Space warps around the merfolk javelineer.
Your headbutt misses the merfolk javelineer.
The merfolk javelineer is moderately wounded.
The merfolk javelineer barely misses you.
You furiously retaliate!
You headbutt the merfolk javelineer! You whack the merfolk javelineer!
The merfolk javelineer is severely wounded.
The merfolk javelineer blinks!
The merfolk javelineer throws a javelin.
The javelin pierces through you!
* * * LOW HITPOINT WARNING * * *
There is a stone staircase leading down here.
You enter the shallow water.
Moving in this stuff is going to be slow.
The merfolk javelineer throws a javelin.
The javelin pierces through you!
* * * LOW HITPOINT WARNING * * *
Items here: ))) [[ †.
The merfolk javelineer throws a javelin.
The javelin pierces through you!
* * * LOW HITPOINT WARNING * * *
The merfolk javelineer throws a javelin.
The javelin pierces through you but does no damage.
You hit the merfolk javelineer.
Space warps around the merfolk javelineer.
Your headbutt misses the merfolk javelineer.
The merfolk javelineer is almost dead.
The merfolk javelineer throws a javelin.
The javelin pierces through you!
You die...

≈≈≈≈≈≈≈≈≈≈≈≈≈≈≈≈≈≈≈~~~~~~≈≈~~~~~
≈≈≈≈≈≈≈≈≈≈≈≈≈≈≈≈≈~~~~~~~~~~~~~~.
≈≈≈≈≈≈≈≈≈≈~~~~~~~~~~~~~~~~~~~...
≈≈≈≈≈≈≈≈≈~~~~~~~~~~~....~~~~)[.#
≈≈≈≈≈≈≈≈~~~~~~~~~~~.......~..>##
≈≈≈≈≈≈≈≈~~~~~..~~...##.......~..
≈≈≈≈≈≈≈~~~~..##....#####....~}.~
≈≈≈≈≈≈≈)~~~.###...##..###.~~~~~~
≈≈≈≈≈≈~~~~~~[>)@m###..###.~~~~..
≈≈≈≈≈≈~~~~~†))~~≈~~~...##.~~~~..
≈≈≈≈≈≈≈~~~~~≈~.~~~≈~~...#..~.~...
≈≈≈≈≈≈≈~~~~≈≈≈~~.~≈~~~~~.........
≈≈≈≈≈≈≈~≈≈≈≈≈≈~~≈~~~~~~~~~.......
≈≈≈≈≈≈≈≈≈≈≈≈≈≈≈≈≈≈~≈~~~~~........
≈≈≈≈≈~~~≈≈≈≈≈≈≈~~~~~.~~~.........
≈≈≈~~~~~≈≈≈~≈≈≈~~.....~~~~~......
≈≈~~~~~~~≈~≈≈≈≈≈~~~~~~~....~~~~..


You could see a merfolk javelineer.

Vanquished Creatures
  Rupert (D:12)
  Donald (Snake:4)
  Ilsuiw (Shoals:3)
  2 orc warlords (Orc:2)
  5 nagarajas
  The ghost of vykuza the Severer, a journeyman DrBe of Trog (Lair:5)
  An ettin (D:12)
  5 merfolk impalers
  A merfolk javelineer (Shoals:3)
  Fannar (Orc:1)
  2 hydras
  2 boulder beetles
  A salamander tyrant (Snake:4)
  A satyr (Shoals:3)
  4 two-headed ogres
  9 anacondas
  9 naga warriors
  5 death yaks (Lair:5)
  2 merfolk aquamancers (Shoals:3)
  A hell hog (Volcano)
  4 orc high priests (Orc:2)
  11 naga sharpshooters
  2 shock serpents
  4 salamander mystics
  A goliath frog (Lair:5)
  5 sea snakes
  8 naga ritualists
  A deep elf pyromancer (D:12)
  25 harpies
  4 orc sorcerers (Orc:2)
  4 orc knights
  6 mana vipers
  2 ugly things
  4 cyclopes
  A wolf spider (Lair:1)
  4 fauns
  13 salamanders
  5 elephants (Lair:4)
  8 manticores
  8 water nymphs
  30 black mambas
  3 guardian serpents
  7 merfolk sirens
  14 naga magi
  2 ice statues (IceCv)
  A torpor snail (Lair:3)
  15 cane toads
  A gargoyle (D:12)
  3 rime drakes
  6 komodo dragons
  5 ice devils (IceCv)
  A polar bear (Lair:5)
  6 wind drakes
  15 merfolk
  2 tyrant leeches (Lair:5)
  4 hornets
  7 trolls
  26 blink frogs
  3 slime creatures (D:12)
  6 dream sheep
  8 snapping turtles
  Grinder (D:5)
  A centaur simulacrum (D:11)
  A shadow (D:10)
  3 wraiths
  3 wyverns
  10 water elementals
  26 yaks
  2 basilisks
  14 humans (D:12)
  2 fire bats (Volcano)
  2 steam dragons
  8 vampire mosquitoes
  2 death yak simulacra (IceCv)
  2 wargs
  Menkaure (D:5)
  8 water moccasins
  4 acid dragons
  A hydra simulacrum (IceCv)
  34 nagas
  A hell hound (Volcano)
  40 orc warriors
  An ice beast (D:6)
  17 ogres
  22 wolves
  5 centaurs
  5 kobold brigands
  22 bullfrogs
  12 gnoll sergeants
  4 scorpions
  A cane toad simulacrum (IceCv)
  2 necrophages
  7 wights
  An elephant simulacrum (IceCv)
  3 killer bees (D:9)
  5 electric eels
  2 howler monkeys
  2 hounds
  5 jellies
  34 orc priests
  19 orc wizards
  Ijyb (D:4)
  6 iguanas
  2 polar bear simulacra (IceCv)
  A spriggan simulacrum (IceCv)
  3 troll simulacra (IceCv)
  2 wolf simulacra (IceCv)
  27 gnolls
  A river rat (D:5)
  16 adders
  4 naga simulacra (IceCv)
  3 ufetubi
  2 dart slugs
  123 orcs
  5 ball pythons
  3 bats
  7 endoplasms
  7 giant cockroaches
  10 goblins
  2 hobgoblins
  23 kobolds
  5 quokkas
  3 training dummies (Shoals:3)
  A frilled lizard (D:2)
  4 rats
936 creatures vanquished.

Vanquished Creatures (collateral kills)
  A nagaraja (Snake:3)
  Aizul (Snake:1)
  A merfolk impaler (Shoals:3)
  A merfolk avatar (Shoals:4)
  A salamander tyrant (Snake:4)
  4 naga sharpshooters
  A shock serpent (Snake:4)
  2 salamander mystics
  2 naga ritualists (Snake:4)
  A salamander (Snake:3)
  A merfolk siren (Shoals:4)
  2 naga magi
  4 black mambas
  3 cane toads (Lair:5)
  4 merfolk
  A wyvern (Lair:5)
  A vampire mosquito (Lair:5)
  16 nagas
47 creatures vanquished.

Vanquished Creatures (others)
  2 merfolk aquamancers (Shoals:4)
  A naga ritualist (Snake:4)
  A manticore (Shoals:2)
  A black mamba (Snake:3)
  A centaur (Volcano)
  An ufetubus (IceCv)
  2 orcs
  2 kobolds (D:8)
  A bush (Lair:5)
  39 fungi
  254 plants
305 creatures vanquished.

Grand Total: 1288 creatures vanquished

Notes
Turn   | Place    | Note
-------+----------+-------------------------------------------
     0 | D:1      | mallonox the Minotaur Berserker began the quest for the
                  | Orb.
     0 | D:1      | Reached XP level 1. HP: 19/19 MP: 0/0
   193 | D:1      | Reached XP level 2. HP: 27/27 MP: 1/1
   411 | D:1      | Reached ** piety under Trog
   466 | D:1      | Found a faded altar of an unknown god.
   606 | D:1      | Reached XP level 3. HP: 34/34 MP: 2/2
  1223 | D:2      | Identified the +5 ring mail "Juidgh" {Will+ Stlth+}
  1244 | D:2      | You fall into a shaft and drop 2 floors!
  1272 | D:4      | Reached XP level 4. HP: 29/41 MP: 3/3
  1372 | D:4      | Found a staircase to the Ecumenical Temple.
  1394 | D:4      | Found a broken altar of Ashenzari.
  1794 | D:3      | Found a shadowy altar of Dithmenos.
  1896 | D:3      | Found a sparkling altar of Nemelex Xobeh.
  1928 | D:3      | Reached skill level 5 in Fighting
  1947 | D:3      | Reached XP level 5. HP: 48/48 MP: 4/4
  2415 | D:4      | Reached skill level 5 in Polearms
  2415 | D:4      | Reached skill level 1 in Stealth
  2982 | D:4      | Reached XP level 6. HP: 56/56 MP: 5/5
  3009 | D:5      | Entered Level 5 of the Dungeon
  3010 | D:5      | Noticed Ijyb
  3014 | D:5      | Noticed Grinder
  3160 | D:4      | Killed Ijyb
  3337 | D:4      | Reached skill level 5 in Armour
  3623 | D:5      | Paralysed by Grinder for 3 turns
  3649 | D:5      | Killed Grinder
  3650 | D:5      | Reached skill level 1 in Shields
  3650 | D:5      | Reached XP level 7. HP: 45/61 MP: 6/6
  3951 | D:5      | Reached skill level 1 in Maces & Flails
  4235 | D:5      | Reached XP level 8. HP: 70/70 MP: 7/7
  4279 | D:5      | Noticed Eustachio
  4300 | D:5      | Banished Eustachio
  4460 | D:5      | Noticed Menkaure
  4467 | D:5      | Killed Menkaure
  4927 | D:6      | Reached *** piety under Trog
  5023 | D:6      | Reached skill level 5 in Maces & Flails
  5023 | D:6      | Reached XP level 9. HP: 69/78 MP: 8/8
  5177 | D:6      | Found an opulent altar of Gozag.
  5309 | D:6      | Found a shimmering blue altar of Sif Muna.
  5580 | D:6      | Found an iron altar of Okawaru.
  5796 | D:7      | Found Emememe's Antique Armour Shop.
  5802 | D:7      | Bought a pair of fading gloves for 209 gold pieces
  5802 | D:7      | Identified the +1 pair of gloves "Boerue" {rPois rC+ Str+4}
                  | (You bought it in a shop on level 7 of the Dungeon)
  5993 | D:7      | Found a blossoming altar of Fedhas.
  6324 | D:7      | Found Deint's Self-Improvement Boutique.
  6425 | D:7      | Reached skill level 5 in Dodging
  6687 | D:8      | Reached **** piety under Trog
  6893 | D:8      | Reached XP level 10. HP: 46/86 MP: 9/9
  7165 | D:8      | Found a sacrificial altar of Ru.
  7951 | D:9      | Reached skill level 10 in Maces & Flails
  8073 | D:9      | Reached skill level 10 in Armour
  8379 | D:9      | Found a glowing silver altar of Zin.
  8712 | D:9      | Paralysed by a hornet for 3 turns
  8898 | D:10     | Entered Level 10 of the Dungeon
  9120 | D:10     | Noticed a two-headed ogre
  9138 | D:10     | Killed a two-headed ogre
  9308 | D:10     | Noticed a two-headed ogre
  9312 | D:10     | Reached ***** piety under Trog
  9322 | D:10     | Banished a two-headed ogre
  9323 | D:10     | Reached XP level 11. HP: 79/95 MP: 10/10
  9407 | D:10     | Noticed a boulder beetle
  9464 | D:10     | Killed a boulder beetle
  9707 | D:10     | Identified the +2 robe of Chimes {Regen+ Int+5 Dex+4
                  | Archmagi}
 10870 | D:11     | Found a staircase to the Lair.
 12006 | D:12     | Noticed a deep elf pyromancer
 12042 | D:12     | Killed a deep elf pyromancer
 12132 | D:12     | Noticed a two-headed ogre
 12161 | D:12     | Killed a two-headed ogre
 12533 | D:12     | Found a staircase to the Orcish Mines.
 12557 | D:12     | Reached skill level 10 in Fighting
 12890 | D:12     | Noticed a cyan ugly thing
 12900 | D:12     | Killed a cyan ugly thing
 13339 | D:12     | Reached XP level 12. HP: 107/107 MP: 11/11
 13531 | D:12     | HP: 1/107 [electric eel/bolt of electricity (7)]
 14556 | D:13     | Noticed Rupert
 14556 | D:13     | Noticed a centaur warrior
 14556 | D:13     | Found a gate to the Vaults.
 14562 | D:12     | Banished a centaur warrior
 14630 | D:12     | Killed Rupert
 14631 | D:12     | Reached skill level 5 in Stealth
 15565 | D:13     | Noticed a boulder beetle
 15599 | D:13     | Killed a boulder beetle
 15999 | Orc:1    | Entered Level 1 of the Orcish Mines
 16006 | D:12     | Identified 3 scrolls of acquirement
 16031 | Orc:1    | Noticed an ettin
 16054 | D:12     | Killed an ettin
 16055 | D:12     | Reached skill level 2 in Shields
 16330 | Orc:1    | Found a frozen archway.
 16350 | IceCv    | Entered an ice cave
 16385 | IceCv    | Reached skill level 3 in Shields
 16601 | IceCv    | Noticed a reaper
 16638 | IceCv    | Banished a reaper
 16639 | IceCv    | Reached XP level 13. HP: 82/119 MP: 12/12
 16803 | IceCv    | Reached skill level 4 in Shields
 17094 | Orc:1    | Noticed Fannar
 17108 | Orc:1    | Killed Fannar
 17736 | Orc:2    | Entered Level 2 of the Orcish Mines
 17970 | Orc:2    | Reached skill level 5 in Shields
 17978 | Orc:2    | Received a gift from Trog
 18042 | Orc:2    | Reached ****** piety under Trog
 18619 | Orc:2    | Reached skill level 6 in Shields
 18634 | Orc:2    | Noticed an orc warlord
 18652 | Orc:2    | Killed an orc warlord
 18756 | Orc:2    | Found Othrim's General Store.
 18761 | Orc:2    | Reached skill level 7 in Shields
 18882 | Orc:2    | Found Fasecvaog's Antique Armour Shop.
 19432 | Orc:2    | Found a staircase to the Elven Halls.
 19482 | Orc:2    | Reached skill level 8 in Shields
 19727 | Orc:2    | Identified the +7 arbalest "Fakoorch" {vorpal, rElec}
 19799 | Orc:2    | Found Muwnood's Magic Scroll Shoppe.
 19872 | Orc:2    | Received a gift from Trog
 19878 | Orc:2    | Noticed an orc warlord
 20173 | Orc:2    | Killed an orc warlord
 20174 | Orc:2    | Reached skill level 9 in Shields
 20677 | Orc:2    | Found Byshresa's Magic Scroll Emporium.
 21415 | Lair:1   | Entered Level 1 of the Lair of Beasts
 21497 | Lair:1   | Identified the +1 leather armour of the Foremost Lives
                  | {rN++ MP+9}
 21794 | Lair:1   | Reached XP level 14. HP: 132/132 MP: 13/13
 21806 | Lair:1   | Reached skill level 10 in Shields
 23292 | Lair:2   | Found a dark tunnel.
 23301 | Volcano  | Entered a volcano
 23374 | Volcano  | Reached skill level 11 in Shields
 24051 | Lair:2   | Reached skill level 15 in Maces & Flails
 24094 | Lair:2   | Received a gift from Trog
 24612 | Lair:2   | Found a staircase to the Shoals.
 25496 | Lair:3   | Reached skill level 12 in Shields
 25616 | Lair:3   | Found a staircase to the Snake Pit.
 26428 | Lair:4   | Reached skill level 15 in Armour
 26558 | Lair:4   | Identified the +7 falchion "Jellyslayer" {speed, Int+4}
 26981 | Lair:4   | Reached skill level 13 in Shields
 27065 | Lair:4   | Reached skill level 15 in Fighting
 27260 | Lair:5   | Entered Level 5 of the Lair of Beasts
 27610 | Lair:5   | Found a runed translucent door.
 27621 | Lair:5   | Noticed vykuza's ghost (journeyman DrBe)
 27664 | Lair:5   | Reached skill level 14 in Shields
 27999 | Lair:5   | Found a viscous altar of Jiyva.
 28001 | Lair:5   | Found a staircase to the Slime Pits.
 28294 | Lair:5   | Found a sacrificial altar of Ru.
 28379 | Lair:5   | Reached XP level 15. HP: 107/141 MP: 14/14
 28408 | Lair:5   | Identified the +7 flail of the Desert {flame, rPois Will+
                  | Int-4} (Trog gifted it to you on level 5 of the Lair of
                  | Beasts)
 28408 | Lair:5   | Received a gift from Trog
 29203 | Lair:5   | Reached skill level 15 in Shields
 29615 | Lair:5   | Killed vykuza's ghost
 29771 | Snake:1  | Entered Level 1 of the Snake Pit
 30078 | Snake:1  | Reached skill level 16 in Shields
 30188 | Snake:1  | Found Arathrapi's General Store.
 30193 | Snake:1  | Bought a scroll of identify for 38 gold pieces
 30544 | Snake:1  | Noticed Aizul
 30557 | Snake:1  | Killed Aizul
 31009 | Snake:1  | Found Arathrapi's General Store.
 31420 | Snake:2  | Found Efoirgh's Armour Shop.
 31737 | Snake:2  | Received a gift from Trog
 31825 | Snake:2  | Reached skill level 17 in Shields
 32497 | Snake:3  | Found a transporter.
 32561 | Snake:3  | Noticed a tentacled starspawn
 32628 | Snake:3  | Found a transporter.
 32631 | Snake:3  | Noticed a tentacled starspawn
 32719 | Snake:3  | Reached XP level 16. HP: 71/152 MP: 15/15
 32724 | Snake:3  | Found a one-way gate to the infinite horrors of the Abyss.
 32724 | Snake:3  | Noticed Akuuror's ghost (adept GrFi)
 33331 | Snake:3  | Reached skill level 18 in Shields
 34146 | Snake:4  | Entered Level 4 of the Snake Pit
 34146 | Snake:4  | Noticed Donald
 34491 | Snake:4  | Killed Donald
 35706 | Snake:4  | Reached skill level 19 in Shields
 36757 | Snake:4  | Reached skill level 20 in Shields
 37129 | Snake:4  | HP: 7/155 [poisoned by a naga ritualist (toxic radiance)]
 37585 | Snake:4  | Reached XP level 17. HP: 126/161 MP: 16/16
 37664 | Snake:4  | Noticed Vashnia
 37922 | Snake:4  | Banished Vashnia
 38012 | Snake:4  | Got a serpentine rune of Zot
 38104 | Snake:3  | Received a gift from Trog
 38462 | Snake:4  | Reached skill level 21 in Shields
 38846 | Shoals:1 | Entered Level 1 of the Shoals
 40322 | Shoals:3 | Noticed Ilsuiw
 40334 | Shoals:3 | Killed Ilsuiw
 40392 | Shoals:3 | Identified Roxanne's Catalogue of Variation
 40392 | Shoals:3 | Noticed Roxanne
 40394 | Shoals:3 | Noticed a kraken
 40409 | Shoals:3 | Received a gift from Trog
 40479 | Shoals:3 | Reached skill level 22 in Shields
 41297 | Shoals:3 | Found Eriugros's Firing Range.
 41300 | Shoals:3 | Banished Roxanne
 42419 | Shoals:4 | Entered Level 4 of the Shoals
 44268 | Shoals:4 | Identified the amulet of Itizybul {Spirit Str+2 Int+4}
 44327 | Shoals:4 | Reached skill level 23 in Shields
 44599 | Shoals:4 | Reached XP level 18. HP: 77/172 MP: 17/17
 45563 | Shoals:4 | Noticed Polyphemus
 45602 | Shoals:3 | Hit by a javelin thrown by a merfolk javelineer

Illustrated notes

Levels and vault maps discovered:
D:1:      amcnicky_arrival_double_pillar, layout_loops_ring,
          shapermc_ecumenical_altar_acropolis
D:2:      layout_basic
D:3:      layout_loops_cross, nicolae_dithmenos_the_darkroom,
          nemelex_dance_club_becter
D:4:      layout_basic, kennysheep_mini_moat, temple_hall
D:5:      layout_loops_cross, gup_sewer_entry_bowl, uniq_grinder, uniq_menkaure,
          uniq_ijyb, uniq_eustachio
D:6:      layout_rooms, grunt_gozag_statues, okawaru_altar_gauntlet_db,
          led_sif_pool
D:7:      layout_basic, fedhas_altar_2, serial_shops, shop,
          nicolae_shop_self_help
D:8:      layout_rooms, mainiacjoe_overflow_chevrons, minmay_between
D:9:      nicolae_cairo_tiling_large, layout_irregular_city,
          mainiacjoe_overflow_small_starburst
D:10:     layout_loops_ring, nicolae_lava_and_water, kennysheep_doodads,
          grunt_ogre_cave, minivault_5, chequers_serial_rivers_small_3
D:11:     layout_roguey, grunt_lair_entry_orc_guard_hut, interstate_on_off
D:12:     layout_basic, kennysheep_orc_monster_closet_entryway
D:13:     layout_roguey, david_vaults_3
Lair:1:   minmay_lair_venomous_thicket, layout_layer_cave,
          nicolae_lair_run_with_the_wolves, lemuel_fruit_tree
Lair:2:   layout_regular_city, minmay_shoals_entry_lonely_mermaid,
          enter_volcano_2, columned_hall_lemuel
Lair:3:   layout_hall_layers, minmay_snake_entry_guardpost_small,
          grunt_megastairs_4
Lair:4:   layout_gridlike, lemuel_another_geyser
Lair:5:   minmay_lair_end_frog_pond, layout_long_grid,
          minmay_slime_entry_oklob_enclosed, hellmonk_ghost_happy_afterlife,
          basic_altar, serial_bayou_shore_a, serial_bayou_shore_b
Shoals:1: layout_shoals
Shoals:2: layout_shoals, nicolae_shoals_lost_giant_temple
Shoals:3: layout_shoals, nicolae_shop_firing_range, uniq_ilsuiw, uniq_roxanne
Shoals:4: shoals_end_simple, layout_shoals, uniq_polyphemus
Snake:1:  layout_onion_interference, serial_shops, nicolae_shop_hallway_stairs,
          st_stairs_3, corexii_hall_statues_x, uniq_aizul
Snake:2:  layout_grid_maze, serial_shops, nicolae_shop_waterfront,
          grunt_ministairs_13
Snake:3:  layout_grid_shapes, gammafunk_ghost_abyssal_escape,
          nicolae_snake_double_loop
Snake:4:  johnstein_snake_rune_scales, layout_onion_interference,
          serial_bayou_shore_b, uniq_donald
Orc:1:    layout_diamond_mine, portal_ice_cave_entry_pillars_1, uniq_fannar
Orc:2:    pubby_orc_utopia

Skill      XL: |  1  2  3  4  5  6  7  8  9 10 11 12 13 14 15 16 17 |
---------------+----------------------------------------------------+-----
Fighting       | 4 5 6 7 8 10 12 14 15 16 17 18 | 18.2
Polearms       | 4 5 6 7 |  7.3
Armour         | 3 4 5 6 8 9 10 12 14 15 16 | 16.5
Stealth        | 1 4 5 |  5.9
Dodging        | 3 4 5 6 7 |  7.0
Shields        | 1 3 9 14 17 20 23 | 23.2
Maces & Flails | 2 5 9 12 13 14 15 16 17 | 17.2

Action                   |  1- 3 |  4- 6 |  7- 9 | 10-12 | 13-15 | 16-18 || total
-------------------------+-------+-------+-------+-------+-------+-------++-------
Melee: Spear             |   104 |   140 |     1 |       |       |       ||   245
       Headbutt          |    12 |    20 |    52 |   167 |   318 |   242 ||   811
       Punch             |     1 |     1 |     3 |     1 |       |       ||     6
       Whip              |       |       |   229 |   705 |  1537 |   972 ||  3443
Throw: Throwing net      |       |       |       |       |     1 |     1 ||     2
Invok: Berserk           |       |     4 |     1 |     4 |     1 |     9 ||    19
       Trog's Hand       |       |     3 |     1 |     3 |     7 |     5 ||    19
       Brothers in Arms  |       |       |       |       |     4 |     7 ||    11
  Use: Scroll            |       |       |       |    15 |    11 |     2 ||    28
       Potion            |       |       |       |       |     1 |     7 ||     8
 Stab: Sleeping          |     1 |     4 |     3 |     7 |    24 |     9 ||    48
       Distracted        |       |       |       |     1 |     2 |     2 ||     5
Armor: Chain mail        |    14 |       |       |       |       |       ||    14
       Animal skin       |     4 |       |       |       |       |       ||     4
       Ring mail         |     3 |    47 |    96 |   183 |   312 |   224 ||   865
       Plate armour      |       |       |       |       |    14 |       ||    14
Dodge: Dodged            |    36 |    62 |   159 |   194 |   383 |   280 ||  1114
Block: Other             |       |    15 |    59 |    35 |       |       ||   109
       Reflection        |       |       |     3 |    15 |    44 |   145 ||   207
       Kite shield       |       |       |       |   211 |  1063 |  1008 ||  2282
